 Dungeon Crawl Stone Soup version 0.25-a0-576-g50b708a4c4 (webtiles) character file.

Game seed: 17551769823112796345, levelgen mode: deterministic

31983 Flugslaktarn the Cleaver (level 13, -1/121 HPs)
             Began as a Deep Dwarf Fighter on Mar 2, 2020.
             Was a High Priest of Makhleb.
             Slain by a spiny frog (7 damage)
             ... on level 6 of the Lair of Beasts.
             The game lasted 00:07:29 (10982 turns).

Flugslaktarn the Cleaver (Deep Dwarf Fighter)      Turns: 10982, Time: 00:07:29

Health: -1/121     AC: 19    Str: 25    XL:     13   Next: 28%
Magic:  7/7        EV:  6    Int:  9    God:    Makhleb [*****.]
Gold:   764        SH: 13    Dex: 16    Spells: 12/12 levels left

rFire    . . .     SeeInvis .   a - +1 war axe (flame)
rCold    . . .     Gourm    .   c - +0 kite shield
rNeg     . . .     Faith    .   m - +0 plate armour
rPois    .         Spirit   .   v - +1 helmet
rElec    .         Reflect  .   i - +0 cloak
rCorr    .         Harm     .   (no gloves)
MR       +....                  (no boots)
Stlth    ..........             (no amulet)
HPRegen  0.00/turn              k - +4 ring of dexterity
MPRegen  0.10/turn              (no ring)

@: lethally poisoned (-1 -> -55), non-regenerating
A: damage resistance, heal wounds, sense surroundings 2, no regeneration
a: Heal Wounds, Minor Destruction, Lesser Servant of Makhleb, Major Destruction,
Greater Servant of Makhleb, Renounce Religion


You were on level 6 of the Lair of Beasts.
You worshipped Makhleb.
Makhleb was extremely pleased with you.
You were not hungry.

You visited 3 branches of the dungeon, and saw 17 of its levels.
You also visited: Volcano.

You collected 884 gold pieces.
You spent 120 gold pieces at shops.

Inventory:

Hand Weapons
 a - a +1 war axe of flaming (weapon)
Armour
 c - a +0 kite shield (worn)
 i - a +0 cloak (worn)
   (You found it on level 3 of the Dungeon)
 m - a +0 plate armour (worn)
   (You took it off an orc warrior on level 6 of the Dungeon)
 n - a +0 chain mail
   (You found it on level 4 of the Dungeon)
 v - a +1 helmet (worn)
   (You found it on level 6 of the Dungeon)
Jewellery
 k - a +4 ring of dexterity (left hand)
   (You found it on level 10 of the Dungeon)
 E - an uncursed ring of stealth {unknown}
   (You found it on level 2 of the Lair of Beasts)
 F - an uncursed ring of magical power {unknown}
   (You found it on level 2 of the Lair of Beasts)
Wands
 b - a wand of scattershot (11)
   (You found it on level 1 of the Lair of Beasts)
 f - a wand of enslavement (5)
   (You found it on level 1 of the Lair of Beasts)
 g - a wand of paralysis (7)
   (You found it on level 5 of the Dungeon)
Scrolls
 l - 3 scrolls of enchant weapon
 o - a scroll of holy word
 r - 6 scrolls of identify
 s - 2 scrolls of fog
 t - 7 scrolls of teleportation
 x - 6 scrolls of remove curse
 y - 3 scrolls of magic mapping
 A - a scroll of random uselessness {unknown}
 C - a scroll of brand weapon
 D - a scroll of immolation
 G - a scroll of noise {unknown}
Potions
 d - 7 potions of might
 h - a potion of haste
 j - 3 potions of heal wounds {unknown}
 p - a potion of lignification
 q - 6 potions of curing
 u - a potion of brilliance {unknown}
 w - a potion of cancellation
 z - 5 potions of stabbing {unknown}
Comestibles
 e - 28 rations
 B - 5 chunks of flesh


   Skills:
 + Level 9.4 Fighting
 * Level 14.5 Axes
 + Level 11.1 Armour
 + Level 11.0 Shields
 + Level 10.2 Invocations


You had 12 spell levels left.
You didn't know any spells.
Your spell library was empty.

Dungeon Overview and Level Annotations

Branches:
Dungeon (10/15)            Temple (1/1) D:5            Lair (6/6) D:9
  Swamp (0/4) Lair:4       Spider (0/4) Lair:3        Slime (0/5) Lair:5
    Orc (0/2) D:9         Volcano (visited)

Altars:
Cheibriados
Dithmenos
Elyvilon
Fedhas
Gozag
Hepliaklqana
Kikubaaqudgha
Makhleb
Nemelex Xobeh
Okawaru
Qazlal
Ru
Sif Muna
Trog
Uskayaw
Vehumet
Wu Jian
Xom
Yredelemnul
Zin
The Shining One
Jiyva

Shops:
D:7 *   D:9 *

Portals:
Abyss: D:5

Annotations:
D:5 4 transporters, bmj180's ghost, novice MiFi
Lair:4 exclusion: 4 oklob plants


Innate Abilities, Weirdness & Mutations

You are resistant to damage.
You can heal yourself by infusing magical energy.
You passively map the area around you.
You do not regenerate.


Message History

The spiny frog stings you but does no damage.
The spiny frog stings you.
You are too injured to fight recklessly!
You are too injured to fight recklessly!
You are too injured to fight recklessly!
You are too injured to fight recklessly!
You are too injured to fight recklessly!
You fail to use your ability.
You feel very sick. The spiny frog barely misses you.
The spiny frog stings you.
You are lethally poisoned!
The spiny frog poisons you! The spiny frog stings you!
* * * LOW HITPOINT WARNING * * *
You are more poisoned.
The spiny frog poisons you! The spiny frog stings you!
* * * LOW HITPOINT WARNING * * *
* * * LOW HITPOINT WARNING * * *
You feel very sick. The spiny frog stings you!
You die...

, , , #..#* #.....
, * ##..####.....
, , , , ,
##.....†...... , *
, ,
##.P....††..... ,
, ,
##...P..........
*, ,* ,, *
##...÷...#.......
, *
##.....#####......
* #*,,##....###*,
##..... ,
#.%##F@.### ,,
...... ,**
#.SF.### ,, ,
..... , *
.....S### , .....
, ..... * , * , *
.... , , ,, , , ,
, ... * , , *, **
, #. * , *,, , , *
, * # , , ,,, , ,
* , ,, , ,, * , ,,


You could see a black mamba, 2 spiny frogs and a water moccasin.

Vanquished Creatures
  Kirke (Lair:5)
  Nessos (Lair:5)
  5 hydras
  2 two-headed ogres (D:10)
  A sun demon (Volcano)
  A hell knight (Volcano)
  A wolf spider (Lair:6)
  4 black mambas
  2 molten gargoyles (Volcano)
  7 spiny frogs
  2 komodo dragons
  A tengu conjurer (D:10)
  A red devil (Volcano)
  A polar bear (Lair:2)
  2 trolls (D:10)
  9 blink frogs
  A hornet (Lair:6)
  4 hippogriffs
  2 redbacks (Lair:3)
  18 yaks
  4 basilisks
  3 fire bats (Lair:1)
  3 wyverns
  6 hogs (Lair:5)
  2 steam dragons (D:8)
  3 hell hounds (Volcano)
  7 porcupines
  11 water moccasins
  5 sky beasts
  2 black bears (D:9)
  2 ice beasts
  4 orc warriors
  An eye of draining (D:9)
  2 phantoms
  4 wolves (Lair:1)
  A necrophage (D:9)
  5 centaurs
  9 ogres
  14 crocodiles
  A big kobold (D:9)
  10 bullfrogs
  2 scorpions
  9 killer bees (D:7)
  6 wights
  4 howler monkeys
  5 electric eels
  5 crimson imps
  5 lava snakes (Volcano)
  A bullfrog zombie (D:7)
  3 jellies
  A quasit (D:10)
  A hound (D:5)
  8 orc priests
  3 centaur skeletons
  A bullfrog skeleton (D:9)
  5 iguanas
  7 worker ants
  16 orc wizards
  2 hound skeletons (D:6)
  3 worker ant zombies
  5 adders
  A shadow imp (D:7)
  An adder zombie (D:9)
  An ooze (D:6)
  3 leopard geckos
  43 orcs
  2 hobgoblins
  3 jackals (D:5)
  7 quokkas
  2 frilled lizards
  A jackal skeleton (D:6)
  A jackal zombie (D:5)
  8 kobolds
  A leopard gecko zombie (D:8)
  A quokka skeleton (D:9)
  2 quokka zombies (D:6)
  2 rats
  A bush (Lair:3)
  5 fungi
  3 plants
345 creatures vanquished.

Vanquished Creatures (others)
  2 bushes (Lair:3)
  12 fungi
  13 plants
27 creatures vanquished.

Grand Total: 372 creatures vanquished

Notes
Turn   | Place    | Note
-------+----------+-------------------------------------------
     0 | D:1      | Flugslaktarn the Deep Dwarf Fighter began the quest for the
                  | Orb.
     0 | D:1      | Reached XP level 1. HP: 20/20 MP: 1/1
    67 | D:2      | Reached XP level 2. HP: 22/27 MP: 2/2
   506 | D:5      | Entered Level 5 of the Dungeon
   523 | D:4      | Noticed a scorpion
   534 | D:4      | Killed a scorpion
   534 | D:4      | Reached skill level 3 in Axes
   534 | D:4      | Reached XP level 3. HP: 23/34 MP: 3/3
   541 | D:4      | Reached XP level 4. HP: 28/42 MP: 4/4
   683 | D:4      | Found a shimmering blue altar of Sif Muna.
   684 | D:4      | Found a snail-covered altar of Cheibriados.
   684 | D:4      | Found a hide-covered altar of Uskayaw.
   773 | D:4      | Noticed an ogre
   778 | D:4      | Killed an ogre
   778 | D:4      | Reached skill level 4 in Axes
   778 | D:4      | Reached XP level 5. HP: 36/49 MP: 4/4
   826 | D:4      | Found a bloodstained altar of Trog.
   881 | D:4      | Noticed an ogre
   889 | D:4      | Killed an ogre
   889 | D:4      | Reached XP level 6. HP: 34/56 MP: 5/5
  1252 | D:5      | Reached skill level 5 in Axes
  1295 | D:5      | Found a transporter.
  1311 | D:5      | Found an ancient bone altar of Kikubaaqudgha.
  1314 | D:5      | Noticed a yak
  1322 | D:5      | Found a transporter.
  1510 | D:5      | Reached XP level 7. HP: 42/64 MP: 6/6
  1579 | D:5      | Reached skill level 5 in Armour
  1604 | D:5      | Reached skill level 5 in Shields
  1609 | D:5      | Identified the +0 whip of Spite {distort, Int+3 Dex+4}
  1611 | D:5      | Noticed bmj180's ghost (novice MiFi)
  1638 | D:5      | Reached skill level 6 in Axes
  1639 | D:5      | Found a staircase to the Ecumenical Temple.
  1656 | D:5      | Found a transporter.
  1718 | Temple   | Entered the Ecumenical Temple
  1823 | D:5      | Found a one-way gate to the infinite horrors of the Abyss.
  1824 | D:5      | Found a transporter.
  2087 | D:6      | Reached XP level 8. HP: 69/73 MP: 6/6
  2244 | D:6      | Reached skill level 7 in Axes
  2293 | D:6      | Found a hazy altar of Hepliaklqana.
  2307 | D:6      | Found a shimmering altar of Xom.
  2309 | D:6      | Noticed a spectral ugly thing
  2581 | D:6      | Reached skill level 5 in Fighting
  2811 | D:7      | Noticed a hippogriff
  2820 | D:7      | Killed a hippogriff
  2820 | D:7      | Reached skill level 8 in Axes
  2835 | D:7      | Gained mutation: You passively map the area around you.
                  | [Deep Dwarf growth]
  2835 | D:7      | Reached XP level 9. HP: 48/81 MP: 6/6
  3044 | D:7      | Found a blossoming altar of Fedhas.
  3099 | D:7      | Reached skill level 9 in Axes
  3211 | D:7      | Found a burning altar of Makhleb.
  3251 | D:7      | Became a worshipper of Makhleb the Destroyer
  3409 | D:7      | Reached skill level 1 in Invocations
  3492 | D:7      | Found Gozag's Platinum Reserve.
  3492 | D:7      | Found an opulent altar of Gozag.
  4113 | D:8      | Reached * piety under Makhleb
  4113 | D:8      | Reached skill level 10 in Axes
  4390 | D:9      | Reached XP level 10. HP: 91/92 MP: 8/8
  4393 | D:9      | Found a staircase to the Lair.
  4454 | D:9      | Found a bloodstained altar of Trog.
  4464 | D:9      | Found Gouvura's Assorted Antiques.
  4480 | D:9      | Bought a scroll labeled DAYTUL IGETT for 24 gold pieces
  4480 | D:9      | Bought a scroll labeled LETOOD IMUQUOJ for 24 gold pieces
  4480 | D:9      | Bought a scroll labeled BUSKEA PAOSHEFIAK for 24 gold
                  | pieces
  4480 | D:9      | Bought a scroll labeled ZEN MAUFOGU for 24 gold pieces
  4480 | D:9      | Bought a scroll labeled BUSKEA PAOSHEFIAK for 24 gold
                  | pieces
  4615 | D:9      | Reached ** piety under Makhleb
  4632 | D:9      | Found a staircase to the Orcish Mines.
  4656 | D:9      | Found an iron altar of Okawaru.
  4816 | D:9      | Reached skill level 11 in Axes
  4816 | D:9      | Reached skill level 5 in Invocations
  4998 | D:10     | Entered Level 10 of the Dungeon
  5295 | D:10     | Reached XP level 11. HP: 78/100 MP: 11/11
  5362 | D:10     | Noticed a two-headed ogre
  5380 | D:10     | Killed a two-headed ogre
  5478 | D:10     | Noticed a two-headed ogre
  5498 | D:10     | Killed a two-headed ogre
  5647 | D:10     | Reached *** piety under Makhleb
  5721 | Lair:1   | Entered Level 1 of the Lair of Beasts
  5891 | Lair:1   | Reached skill level 12 in Axes
  6193 | Lair:1   | Found a dark tunnel.
  6210 | Volcano  | Entered a volcano
  6398 | Volcano  | Found a burning altar of Makhleb.
  6398 | Volcano  | Noticed a sun demon
  6416 | Volcano  | Killed a sun demon
  6439 | Volcano  | Noticed a hell knight
  6459 | Volcano  | Killed a hell knight
  7405 | Lair:2   | Reached XP level 12. HP: 59/111 MP: 8/8
  7530 | Lair:2   | Reached skill level 13 in Axes
  7530 | Lair:2   | Reached skill level 10 in Armour
  7687 | Lair:2   | Reached skill level 10 in Shields
  7933 | Lair:2   | Reached **** piety under Makhleb
  8562 | Lair:3   | You fall into a shaft and drop 2 floors!
  8636 | Lair:5   | Noticed Nessos
  8649 | Lair:5   | Killed Nessos
  8664 | Lair:5   | Noticed Kirke
  8769 | Lair:5   | Noticed a five-headed hydra
  8776 | Lair:5   | Killed a one-headed hydra
  9530 | Lair:3   | Found a hole to the Spider Nest.
  9598 | Lair:3   | Noticed a seven-headed hydra
  9621 | Lair:3   | Killed a one-headed hydra
  9621 | Lair:3   | Reached skill level 14 in Axes
 10069 | Lair:4   | Noticed an eight-headed hydra
 10079 | Lair:4   | Killed a two-headed hydra
 10079 | Lair:4   | Reached XP level 13. HP: 97/121 MP: 8/8
 10340 | Lair:4   | Found a staircase to the Swamp.
 10732 | Lair:5   | Found a viscous altar of Jiyva.
 10733 | Lair:5   | Found a staircase to the Slime Pits.
 10757 | Lair:5   | Killed Kirke
 10757 | Lair:5   | Reached skill level 10 in Invocations
 10872 | Lair:6   | Entered Level 6 of the Lair of Beasts
 10952 | Lair:6   | Reached ***** piety under Makhleb
 10982 | Lair:6   | HP: 6/121 [poisoned by a spiny frog]
 10982 | Lair:6   | Slain by a spiny frog

Levels and vault maps discovered:
D:1:      minmay_arrival_cross, layout_basic
D:2:      layout_loops_ring, serial_undead, serial_undead_d, serial_undead_b,
          serial_undead_c, serial_undead_a, uniq_robin
D:3:      layout_basic, overflow_temple_1_default, first_ration
D:4:      layout_basic, chequers_temple_overflow_statue_of_worship,
          overflow_temple_1_default
D:5:      layout_loops_cross, gammafunk_temple_overflow_arena,
          minmay_temple_entry_statues_pillars, gammafunk_ghost_abyssal_escape
D:6:      layout_basic, regret_index_temple_of_mockery, serial_bayou,
          serial_bayou_shore_b, serial_bayou_lagoon_b, serial_bayou_pond_b,
          serial_bayou_pond_e
D:7:      layout_basic, nicolae_gozag_zags_fifth_avenue,
          overflow_temple_1_default, marbit_many_paths
D:8:      kennysheep_steamy, layout_cave_pools
D:9:      layout_roguey, okawaru_ov_weapons_minmay, minmay_lair_entry_grove,
          david_orc_3, serial_shops, nicolae_shop_statue_plus,
          trog_ov_bears_minmay
D:10:     layout_roguey, grunt_tengu_nest, st_stairs_14, minmay_misc_feat_chi
Temple:   cyrus_temple_forest
Lair:1:   layout_cave_pods, nicolae_volcano_entry_batcave,
          chequers_serial_rivers_large_b, disabler_island
Lair:2:   layout_cave_pods
Lair:3:   layout_loops_ring, spider_nest_entry_webs, serial_forest,
          infiniplex_forest_straight_4, infiniplex_forest_join,
          infiniplex_forest_straight_4, infiniplex_forest_end_2,
          infiniplex_forest_clump_C, infiniplex_forest_straight_2,
          infiniplex_forest_clump_long
Lair:4:   layout_cave_pods, swamp_mist, serial_bayou_pond_d,
          minmay_lair_oklob_chamber, serial_bayou_shore_b
Lair:5:   layout_concentric_octagons, slime_altar_1, uniq_nessos, uniq_kirke
Lair:6:   hangedman_lair_caniforms_friends, layout_regular_city,
          hangedman_lair_tendril_chambers, chequers_serial_rivers_small_a,
          chequers_serial_rivers_micro_d, lemuel_fruit_tree

Skill      XL: |  1  2  3  4  5  6  7  8  9 10 11 12 13 |
---------------+----------------------------------------+-----
Fighting       | 3 4 5 6 7 8 9 |  9.4
Axes           | 3 4 5 6 8 10 11 12 14 | 14.5
Armour         | 4 5 6 7 8 9 10 11 | 11.1
Shields        | 4 5 6 7 8 9 10 11 | 11.0
Invocations    | 3 5 7 9 10 | 10.2

Action                   |  1- 3 |  4- 6 |  7- 9 | 10-12 | 13-15 || total
-------------------------+-------+-------+-------+-------+-------++-------
Melee: War axe           |    61 |    97 |   515 |   856 |    73 ||  1602
       Unarmed           |       |       |       |     1 |       ||     1
 Abil: Heal Wounds       |     1 |     7 |    18 |    37 |     1 ||    64
  Use: Scroll            |       |       |       |    19 |       ||    19
       Potion            |       |       |       |     1 |       ||     1
  Eat: Chunk             |       |     2 |    11 |    16 |     1 ||    30
       Ration            |       |       |       |     1 |     1 ||     2
Armor: Scale mail        |    29 |    12 |       |       |       ||    41
       Chain mail        |       |    70 |   132 |       |       ||   202
       Plate armour      |       |       |   180 |   464 |    46 ||   690
Dodge: Dodged            |    21 |    30 |   115 |   174 |    23 ||   363
Block: Kite shield       |    34 |    60 |   268 |   553 |    54 ||   969

Table legend:
 A = Non-vault XP
 B = Vault XP
 C = Vault XP percentage of total XP
 D = Non-vault monster count
 E = Vault monster count
 F = Vault count percentage of total count
                 A         B        C        D         E       F
            +---------+---------+-------+---------+---------+-------
      Total |   29902 |   15789 |  34.6 |     266 |      70 |  20.8
            +---------+---------+-------+---------+---------+-------
        D:1 |       3 |       0 |   0.0 |       3 |       0 |   0.0
        D:2 |      18 |       0 |   0.0 |       4 |       0 |   0.0
        D:3 |       7 |       0 |   0.0 |       4 |       0 |   0.0
        D:4 |     364 |       0 |   0.0 |       8 |       0 |   0.0
        D:5 |     939 |       0 |   0.0 |      37 |       0 |   0.0
        D:6 |     593 |     289 |  32.8 |      23 |       4 |  14.8
        D:7 |    2137 |      11 |   0.5 |      36 |       1 |   2.7
        D:8 |     776 |     353 |  31.3 |      16 |       2 |  11.1
        D:9 |    2259 |    1888 |  45.5 |      32 |      19 |  37.3
       D:10 |    3978 |     778 |  16.4 |      31 |       3 |   8.8
     Lair:1 |    1272 |     985 |  43.6 |       8 |       8 |  50.0
     Lair:2 |    6117 |       0 |   0.0 |      27 |       0 |   0.0
     Lair:3 |    4028 |     445 |   9.9 |      16 |       2 |  11.1
     Lair:4 |    4890 |     532 |   9.8 |      17 |       2 |  10.5
     Lair:5 |    1037 |    4563 |  81.5 |       1 |       8 |  88.9
     Lair:6 |    1484 |    2428 |  62.1 |       3 |       8 |  72.7
    Volcano |       0 |    3517 | 100.0 |       0 |      13 | 100.0
            +---------+---------+-------+---------+---------+-------
